[Event "*** Titled Tuesday 3|2 Blitz (Early)"]
[Site "Chess.com"]
[Date "2017.01.03"]
[Round "2"]
[White "DuleMudule"]
[Black "IIIlllII1llIl"]
[Result "1-0"]
[WhiteElo "2499"]
[BlackElo "2499"]
[TimeControl "180+2"]
[EndTime "11:21:14 PST"]
[Termination "DuleMudule won on time"]

1. d4 Nf6 2. Bg5 e6 3. e3 c5 4. c3 Be7 5. Nd2 cxd4 6. exd4 b6 7. Ngf3 Bb7 8. Bxf6 Bxf6 9. Bd3 d6 10.
Qe2 Nd7 11. h4 Be7 12. O-O-O Qc7 13. Ng5 Bxg5 14. hxg5 Bxg2 15. Rh2 Bd5 16. g6 Nf6 17. Bb5+ Bc6 18. d5 Nxd5 19. Rxh7 Rxh7 20. gxh7 Ke7 21. Bxc6 Qxc6 22. Qg4 Nxc3 23. bxc3 Qxc3+ 24. Kb1 Rc8 25. Qe4 f5 26. h8=Q fxe4 27. Qh4+ g5 28. Qxe4 Rc5 29. Nb3 1-0

[Event "*** Titled Tuesday 3|2 Blitz (Early)"]
[Site "Chess.com"]
[Date "2017.01.03"]
[Round "2"]
[White "Tash_Boy"]
[Black "Izoria123"]
[Result "1/2-1/2"]
[WhiteElo "2464"]
[BlackElo "2685"]
[TimeControl "180+2"]
[EndTime "11:21:16 PST"]
[Termination "Game drawn by agreement"]

1. e4 c6 2. d4 d5 3. Nd2 dxe4 4. Nxe4 Bf5 5. Ng3 Bg6 6. Nh3 e6 7. Nf4 Qc7 8. h4 Bd6 9. Nxg6 hxg6 10. Ne4 Bf4 11.
g3 Bxc1 12. Qxc1 Nf6 13. Ng5 Qa5+ 14. Qd2 Qxd2+ 15. Kxd2 Ke7 16. Bg2 Na6 17. Rhe1 Rab8 18. c3 Rhd8 19. b4 Nc7 20. Kc2 a5 21. bxa5 Ra8 22.
Rab1 Rdb8 23. Rb2 Nb5 24. a4 Nd6 25. Kd3 Rc8 26. Bh3 Rd8 27. c4 Rd7 28. c5 Nf5 29.
Bxf5 gxf5 30. Reb1 Ra7 31. a6 Rxa6 32. Rxb7 Rxa4 33.
Rxd7+ Nxd7 34. Rb7 Ra3+ 35. Kc4 1/2-1/2

[Event "*** Titled Tuesday 3|2 Blitz (Early)"]
[Site "Chess.com"]
[Date "2017.01.03"]
[Round "2"]
[White "Saitama_Hero"]
[Black "ochukov"]
[Result "1-0"]
[WhiteElo "2169"]
[BlackElo "2068"]
[TimeControl "180+2"]
[EndTime "11:21:16 PST"]
[Termination "Saitama_Hero won by resignation"]

1. e4 c5 2. Nf3 d6 3. d4 cxd4 4.
Nxd4 Nf6 5. Nc3 a6 6. Bg5 e6 7. f4 Be7 8. Qf3 Qc7 9. O-O-O Nbd7 10. g4 Rb8 11. Bxf6 Nxf6 12. g5 Nd7 13. Bh3 b5 14. Bxe6 fxe6 15. Nxe6 Qc5 16. Nxc5 Nxc5 17. e5 dxe5 18.
Rhe1 O-O 19. Rxe5 Rf7 20. Qe3 Bf8 21. Rd8 b4 22. Nd5 Nd7 23. Ree8 Bb7 24. Ne7+ Kh8 25. Rxb8 Nxb8 26. Rxb8 Bd5 27. Nxd5 1-0

[Event "*** Titled Tuesday 3|2 Blitz (Early)"]
[Site "Chess.com"]
[Date "2017.01.03"]
[Round "2"]
[White "filali-oujda"]
[Black "eldur16"]
[Result "0-1"]
[WhiteElo "2216"]
[BlackElo "2074"]
[TimeControl "180+2"]
[EndTime "11:21:27 PST"]
[Termination "eldur16 won by checkmate"]

1. e4 e5 2. Nf3 Nc6 3. Bc4 Bc5 4. b4 Bxb4 5. c3 Ba5 6. d4 d6 7. Qb3 Qd7 8. dxe5 Bb6 9. exd6 Na5 10. Qb5 Nxc4 11. Qxc4 cxd6 12. Ba3 Nf6 13. O-O Qe6 14.
Qd3 O-O 15. e5 dxe5 16. Bxf8 e4 17. Qd6 exf3 18. Qxe6 Bxe6 19. Bb4 fxg2 20. Kxg2 a5 21. Be7 Nd5 22. Bh4 Rc8 23. Nd2 Rxc3 24. Bg3 h5 25. Rab1 Rc2 26. Nf3 Ne3+ 27. Kg1 Nxf1 28. Rxb6 Nxg3 29.
hxg3 Bd5 30. Nh2 Rc1+ 31. Nf1 Bc4 32. Rxb7 Bxf1 33. Rb8+ Kh7 34. Rb2 Bc4+ 35. Kg2 Bd5+ 36. f3 a4 37. Rb4 Rc2+ 38. Kh3 Be6+ 39. g4 Rxa2 40. Kh4 hxg4 41. fxg4 a3 42. g5 Rg2 43.
g6+ Rxg6 44. Rb8 a2 45. Ra8 Rg1 46. Kh5 a1=Q 47. Ra4 g6+ 48. Kh4 Qxa4# 0-1

[Event "*** Titled Tuesday 3|2 Blitz (Early)"]
[Site "Chess.com"]
[Date "2017.01.03"]
[Round "2"]
[White "Dlugy"]
[Black "RitvarsReimanis"]
[Result "1-0"]
[WhiteElo "2657"]
[BlackElo "2441"]
[TimeControl "180+2"]
[EndTime "11:21:29 PST"]
[Termination "Dlugy won by resignation"]

1. d4 Nf6 2. Bf4 e6 3. e3 d5 4.
Nd2 c5 5. c3 Nc6 6. Ngf3 cxd4 7. exd4 Nh5 8. Bg5 Be7 9. Bxe7 Qxe7 10. Bb5 Bd7 11. O-O O-O 12. Re1 Nf6 13. Bd3 Rab8 14. Ne5 Nxe5 15. dxe5 Ne8 16. Nf3 b5 17. a3 a5 18. Nd4 f5 19. b4 a4 20. Qe2 Nc7 21.
f4 Rfc8 22. Rac1 Qe8 23. Kh1 g6 24. g3 Qe7 25. Rg1 h5 26. Kg2 Kf7 27. Rh1 Rh8 28.
h3 g5 29. Nf3 gxf4 30. gxf4 Rbg8+ 31. Kh2 Ke8 32. Qf2 Bc6 33. Rhg1 Rg4 34. Qb6 Ba8 35. Bxb5+ Kf7 36. Ng5+ Kg6 37. hxg4 hxg4+ 38. Kg3 Rh5 39. Rh1 Rxg5 40. Qb8 Nxb5 41. Qg8+ Qg7 42. Qxe6+ 1-0

[Event "*** Titled Tuesday 3|2 Blitz (Early)"]
[Site "Chess.com"]
[Date "2017.01.03"]
[Round "2"]
[White "VerdeNotte"]
[Black "Divertissement"]
[Result "1-0"]
[WhiteElo "2643"]
[BlackElo "2440"]
[TimeControl "180+2"]
[EndTime "11:21:29 PST"]
[Termination "VerdeNotte won on time"]

1. e4 c5 2. Nc3 a6 3. g3 b5 4. Bg2 Bb7 5. Nge2 b4 6. Na4 e6 7. d4 cxd4 8. Nxd4 Nc6 9. Be3 Rc8 10. O-O d6 11. a3 Nf6 12. axb4 Nxb4 13. Qd2 d5 14. c3 Nc6 15. Nb6 Qxb6 16. Nxe6 d4 17. Nxd4 Nxd4 18. Bxd4 Bc5 19. e5 Bxd4 20. exf6 Bxf6 21. Rfe1+ Kf8 22. Qd7 Rb8 23. Bxb7 g6 24.
Bd5 Kg7 25. Qxf7+ Kh6 26. Re6 Qxb2 27. Qxf6 Qxa1+ 28. Kg2 Qa4 29. Re4 1-0

[Event "*** Titled Tuesday 3|2 Blitz (Early)"]
[Site "Chess.com"]
[Date "2017.01.03"]
[Round "2"]
[White "Chopper1905"]
[Black "Buffy7"]
[Result "1/2-1/2"]
[WhiteElo "2600"]
[BlackElo "2474"]
[TimeControl "180+2"]
[EndTime "11:21:43 PST"]
[Termination "Game drawn by repetition"]

1. Nf3 Nf6 2. b3 g6 3. Bb2 Bg7 4.
g3 O-O 5. c4 d6 6. d4 c5 7. Bg2 Qa5+ 8. Bc3 Qc7 9. O-O Ne4 10.
Bb2 Nc6 11. e3 f5 12. Nbd2 Nxd2 13. Qxd2 cxd4 14. exd4 e5 15. d5 Ne7 16. Ng5 h6 17. Ne6 Bxe6 18. dxe6 e4 19. Bxg7 Kxg7 20. f3 Qc5+ 21. Kh1 e3 22. Qc3+ Qe5 23. Qb4 f4 24.
gxf4 Qxe6 25. Rae1 Rxf4 26. Qc3+ Qe5 27. Qxe3 Qxe3 28.
Rxe3 Nc6 29. Rd1 Rf6 30. Red3 Re8 31. Kg1 Re2 32. Rxd6 Rxa2 33. Rd7+ Rf7 34. f4 Re2 35.
Rxf7+ Kxf7 36. Rd7+ Re7 37. Bd5+ Kf6 38. Rd6+ Kf5 39.
Bxc6 bxc6 40. Rxc6 Rb7 41. Ra6 Rxb3 42. Rxa7 Kxf4 43.
c5 Rb1+ 44. Kg2 Rb2+ 45. Kg1 Rb1+ 46. Kg2 Rb2+ 47. Kg1 Rb1+ 1/2-1/2

[Event "*** Titled Tuesday 3|2 Blitz (Early)"]
[Site "Chess.com"]
[Date "2017.01.03"]
[Round "2"]
[White "Gabrielian_Artur"]
[Black "Ar4uha"]
[Result "1-0"]
[WhiteElo "2668"]
[BlackElo "1200"]
[TimeControl "180+2"]
[EndTime "11:21:44 PST"]
[Termination "Gabrielian_Artur won by resignation"]

1. e4 e5 2. Nf3 d6 3. d4 exd4 4.
Nxd4 Nf6 5. Nc3 Be7 6. Bf4 O-O 7.
Be2 Nc6 8. Qd2 Nxd4 9. Qxd4 Be6 10. O-O Nd7 11. Rad1 Bf6 12. Qd2 Re8 13. f3 Ne5 14.
b3 c6 15. Kh1 Qa5 16. Na4 Qxd2 17. Rxd2 d5 18. Nc5 Ng6 19. Bg3 dxe4 20. Nxe4 Be5 21. f4 Bd5 22. fxe5 Bxe4 23. Bc4 Nxe5 24. Bxe5 Rxe5 25. Rxf7 Bd5 26. Bxd5 cxd5 27. Rf1 Rae8 28.
h3 Re2 29. Rfd1 h6 30. Kg1 Kf7 31. Kf1 Rxd2 32. Rxd2 Re5 33. Kf2 Ke6 34. Rd4 a6 35.
Rb4 b5 36. a4 Rf5+ 37. Ke2 Rg5 38. g4 h5 39. axb5 axb5 40. Kf3 hxg4+ 41. hxg4 Kd6 42. Rxb5 Kc6 43. c4 Re5 44. Rxd5 Re1 45. b4 Rc1 46. b5+ Kc7 47. Rc5+ Kd6 48. Rc6+ Ke5 49. b6 Rc3+ 50. Ke2 Kf4 51. c5 Kxg4 52. Rc7 1-0

[Event "*** Titled Tuesday 3|2 Blitz (Early)"]
[Site "Chess.com"]
[Date "2017.01.03"]
[Round "2"]
[White "NewBornNow"]
[Black "DARIO555"]
[Result "1-0"]
[WhiteElo "2572"]
[BlackElo "2311"]
[TimeControl "180+2"]
[EndTime "11:21:49 PST"]
[Termination "NewBornNow won by resignation"]

1. e4 e5 2. Nf3 Nc6 3. Bb5 a6 4.
Ba4 Nf6 5. O-O Nxe4 6. d4 b5 7. Bb3 d5 8. dxe5 Be6 9. Be3 Be7 10.
Nbd2 Nc5 11. c3 Nd3 12. Nd4 Nxd4 13. cxd4 Nxb2 14. Qf3 O-O 15. Bc2 f5 16. exf6 Bxf6 17. Qh5 g6 18. Bxg6 hxg6 19. Qxg6+ Kh8 20. Rab1 Nc4 21.
Rb3 Qe8 22. Qh6+ Kg8 23. Bf4 Bg7 24. Rg3 Rf7 25. Nxc4 bxc4 26. Be5 Kf8 27. Bxg7+ Ke7 28. Re1 Kd7 29. Rge3 Re7 30. Bf6 1-0

[Event "*** Titled Tuesday 3|2 Blitz (Early)"]
[Site "Chess.com"]
[Date "2017.01.03"]
[Round "2"]
[White "alturas_pacificas"]
[Black "Wolverine_master"]
[Result "1-0"]
[WhiteElo "2033"]
[BlackElo "2020"]
[TimeControl "180+2"]
[EndTime "11:21:59 PST"]
[Termination "alturas_pacificas won on time"]

1. d4 Nf6 2. Bf4 g6 3. e3 c5 4.
c3 Bg7 5. Nf3 O-O 6. Be2 d6 7.
O-O Nc6 8. h3 Nd7 9. Bh2 e5 10.
dxe5 dxe5 11. Qd6 Qe7 12. Qxe7 Nxe7 13. Na3 e4 14. Nd2 f5 15. Ndc4 a6 16. Nd6 Be5 17. Nac4 Bxh2+ 18. Kxh2 b5 19. Na5 Ne5 20. a4 bxa4 21.
Nxc8 Rfxc8 22. Rxa4 N7c6 23. Nc4 Kg7 24. Nb6 Rab8 25. Nxc8 Rxc8 26. Rxa6 Nd3 27. Rd1 c4 28. Rb6 1-0

[Event "*** Titled Tuesday 3|2 Blitz (Early)"]
[Site "Chess.com"]
[Date "2017.01.03"]
[Round "2"]
[White "saraswathii"]
[Black "ChristopherYoo"]
[Result "0-1"]
[WhiteElo "1604"]
[BlackElo "2068"]
[TimeControl "180+2"]
[EndTime "11:22:03 PST"]
[Termination "ChristopherYoo won by resignation"]

1. e4 e5 2. Nf3 Nc6 3. d3 Nf6 4.
g3 Bc5 5. Bg2 d6 6. O-O h5 7.
Bg5 Bg4 8. c3 Qd7 9. b4 Bb6 10. b5 Ne7 11. a4 a5 12. Nbd2 Ng6 13. Nc4 h4 14. Nxb6 cxb6 15. Qe2 Rh5 16. Be3 Bh3 17.
Bg5 Qg4 18. Bxf6 Nf4 19. Qe3 Bxg2 20. Nxh4 Bxf1 21. Rxf1 gxf6 22. f3 Qh3 23. Rf2 Rxh4 24. Qxb6 Rh8 25. Qxb7 Qc8 26. Qxc8+ Rxc8 27. gxf4 exf4 28.
c4 Kd7 29. Kf1 Rhe8 30. Rg2 Rg8 31. Rb2 Rb8 32. Kf2 Rgc8 33. Kf1 f5 34. Rg2 fxe4 35. fxe4 Rg8 36. Rf2 Rg4 37. Rf3 Kc7 38. d4 Kb6 39. Rc3 Rc8 40. Kf2 Rh4 41. h3 f3 42. Rxf3 Rxc4 0-1

[Event "*** Titled Tuesday 3|2 Blitz (Early)"]
[Site "Chess.com"]
[Date "2017.01.03"]
[Round "2"]
[White "evgenyermolaev"]
[Black "Makalexa"]
[Result "1-0"]
[WhiteElo "2386"]
[BlackElo "2180"]
[TimeControl "180+2"]
[EndTime "11:22:03 PST"]
[Termination "evgenyermolaev won by checkmate"]

1. e4 e5 2. Nf3 Nc6 3. Bc4 Bc5 4.
O-O Nf6 5. d3 O-O 6. Be3 Bxe3 7.
fxe3 d5 8. exd5 Nxd5 9. Qe2 Qd6 10. Nbd2 Nb6 11. Bb3 h6 12. Ne4 Qg6 13. Nh4 Qh7 14. Qf3 Nd8 15. Qg3 Kh8 16. Qxe5 f5 17. Qg3 Be6 18. Ng6+ Kg8 19. Nxf8 Kxf8 20. Qxc7 Bxb3 21.
axb3 Nf7 22. Rxa7 Rxa7 23. Qb8+ Nc8 24. Qxc8+ Ke7 25. Qc5+ Ke8 26. Qxa7 fxe4 27. Qxb7 Qg6 28. Qxf7+ Qxf7 29. Rxf7 Kxf7 30. dxe4 Ke6 31. b4 Ke5 32. b5 g5 33. b6 g4 34. b7 Kxe4 35.
b8=Q h5 36. Qf4+ Kd5 37. e4+ Kc6 38. e5 h4 39. Qxg4 h3 40. gxh3 Kd5 41. Qf5 Kc4 42.
Qd3+ Kc5 43. e6 Kb4 44. e7 Ka5 45. e8=Q Kb4 46. Qeb5# 1-0

[Event "*** Titled Tuesday 3|2 Blitz (Early)"]
[Site "Chess.com"]
[Date "2017.01.03"]
[Round "2"]
[White "mwpchess"]
[Black "Blitzstream"]
[Result "1-0"]
[WhiteElo "2439"]
[BlackElo "2519"]
[TimeControl "180+2"]
[EndTime "11:22:05 PST"]
[Termination "mwpchess won by checkmate"]

1. c4 Nf6 2. g3 g6 3. Bg2 Bg7 4.
Nc3 O-O 5. d3 c6 6. e4 d6 7.
Nge2 Nbd7 8. Rb1 a5 9. a3 Rb8 10. b4 axb4 11. axb4 b5 12. cxb5 cxb5 13. O-O d5 14. Nxd5 Nxd5 15. exd5 Nb6 16. Nf4 Bb7 17. Qb3 Qd7 18. Be3 Na4 19. Bc5 Rbc8 20. d4 Rfd8 21. h4 Bf6 22. Bh3 Qc7 23. Bxc8 Qxc8 24. Rfe1 Rd7 25.
Rbc1 Qb8 26. Qd3 Ba8 27. Qf3 Nb2 28. Re2 Nc4 29. Rce1 e6 30. Nxe6 Bxd5 31. Qxf6 fxe6 32. Rxe6 Bxe6 33. Qxe6+ Rf7 34. Re4 Kg7 35. d5 Qb7 36. Bd4+ Kh6 37. h5 Nd2 38. Be3+ Kxh5 39. Rh4# 1-0

[Event "*** Titled Tuesday 3|2 Blitz (Early)"]
[Site "Chess.com"]
[Date "2017.01.03"]
[Round "2"]
[White "jb2mix"]
[Black "macko06"]
[Result "1-0"]
[WhiteElo "2408"]
[BlackElo "2271"]
[TimeControl "180+2"]
[EndTime "11:22:07 PST"]
[Termination "jb2mix won by resignation"]

1. e4 e6 2. d4 d5 3. Nd2 c5 4. exd5 Qxd5 5. Ngf3 cxd4 6. Bc4 Qd6 7.
O-O Nf6 8. Nb3 Nc6 9. Nbxd4 Nxd4 10. Nxd4 a6 11. Re1 Qc7 12. Qe2 Bd6 13. Bg5 Bd7 14. Nf5 O-O 15. Nxd6 Qxd6 16. Rad1 Qe7 17. Rd3 Rad8 18.
Rh3 e5 19. Re3 e4 20. Bxf6 Qxf6 21. Rxe4 Bc6 22. Re5 Rd4 23. Bd3 Rh4 24. Qe3 Rg4 25. g3 h6 26. f4 Qd6 27. h3 Rg6 28. Bxg6 fxg6 29. Re7 Bd5 30. Qd4 Rf7 31. Rxf7 Kxf7 32. c4 Qd7 33. Qxd5+ 1-0

[Event "*** Titled Tuesday 3|2 Blitz (Early)"]
[Site "Chess.com"]
[Date "2017.01.03"]
[Round "2"]
[White "AndrBaryshpolets"]
[Black "BjarkeSahl"]
[Result "1-0"]
[WhiteElo "2417"]
[BlackElo "2240"]
[TimeControl "180+2"]
[EndTime "11:22:07 PST"]
[Termination "AndrBaryshpolets won on time"]

1. d4 f5 2. g3 Nf6 3. Bg2 g6 4.
Nf3 Bg7 5. b3 O-O 6. Bb2 d6 7.
O-O h6 8. Nbd2 Qe8 9. Re1 g5 10. e4 fxe4 11. Nxe4 Nxe4 12. Rxe4 Bf5 13. Re3 Nc6 14.
Qd2 Qg6 15. Rae1 Rae8 16. c4 e6 17. h3 Qf6 18. Bc3 Nd8 19. Qc1 Bg6 20. Qb2 Bh5 21.
Nh2 c6 22. d5 e5 23. c5 cxd5 24. Bxd5+ Bf7 25. Ng4 Qg6 26. Be4 Qh5 27. Bg2 Be6 28.
cxd6 Bxg4 29. hxg4 Qxg4 30. Qd2 Nc6 31. Bxc6 bxc6 32. d7 Rd8 33. Bxe5 Rxd7 34. Qc3 1-0

[Event "*** Titled Tuesday 3|2 Blitz (Early)"]
[Site "Chess.com"]
[Date "2017.01.03"]
[Round "2"]
[White "PelinGorki"]
[Black "gumersindo"]
[Result "1/2-1/2"]
[WhiteElo "2361"]
[BlackElo "2346"]
[TimeControl "180+2"]
[EndTime "11:22:08 PST"]
[Termination "Game drawn by agreement"]

1. e4 e5 2. Nc3 Nf6 3. Bc4 Bc5 4. d3 Nc6 5. f4 d6 6. Nf3 Bg4 7. Na4 Bb4+ 8. c3 Ba5 9. b4 Bb6 10. Nxb6 axb6 11. O-O O-O 12. h3 Be6 13. Qe2 Bxc4 14. dxc4 exf4 15. Bxf4 h6 16. Qd3 Re8 17.
Nd2 Ne5 18. Qc2 Ng6 19. Be3 Qe7 20. Rae1 Qe6 21. Bd4 Nd7 22. Re2 b5 23. cxb5 Rxa2 24. Qd3 c5 25. bxc6 bxc6 26. Ref2 Nde5 27. Qg3 Kh7 28. Be3 f6 29. h4 Ng4 30. h5 N6e5 31. Rf5 Nxe3 32. Qxe3 Nf7 33. Qd3 Kg8 34. R1f2 Ng5 35.
R5f4 d5 36. exd5 cxd5 37. Nf3 Rxf2 38. Kxf2 Nxf3 39. Kxf3 Qe5 40. g4 Rc8 41. Rd4 Qe1 42. c4 Qh1+ 43. Kg3 Qg1+ 44. Kf3 Qh1+ 45. Kg3 1/2-1/2

[Event "*** Titled Tuesday 3|2 Blitz (Early)"]
[Site "Chess.com"]
[Date "2017.01.03"]
[Round "2"]
[White "abubakrtagelsir"]
[Black "VMikhalevski"]
[Result "1-0"]
[WhiteElo "2313"]
[BlackElo "2463"]
[TimeControl "180+2"]
[EndTime "11:22:23 PST"]
[Termination "abubakrtagelsir won by resignation"]

1. e4 e5 2. Nf3 Nc6 3. d4 exd4 4. Bc4 Nf6 5. e5 d5 6. Bb5 Ne4 7. Nxd4 Bd7 8. Bxc6 bxc6 9. O-O Bc5 10. f3 Ng5 11. f4 Ne4 12. Be3 Bb6 13. Nc3 O-O 14. Nxe4 dxe4 15. c3 f6 16. Qb3+ Kh8 17. e6 Be8 18. f5 Bh5 19. Rae1 Qd5 20. Qxd5 cxd5 21. Nb3 Rab8 22. h3 a5 23. Rf2 a4 24.
Nc5 Be8 25. b4 Bb5 26. Rd2 Rfd8 27. Kf2 Ra8 28. a3 Kg8 29. Red1 c6 30. Nxe4 dxe4 31. Bxb6 Rd3 32. Rxd3 Bxd3 33. Ke3 Rb8 34. Bc5 Rd8 35. Rd2 g6 36. fxg6 hxg6 37. Rf2 f5 38. g4 Re8 39. gxf5 gxf5 40. e7 Kf7 41. Rxf5+ Ke6 42. Rf8 Kd7 43. h4 Bc2 44. h5 1-0

[Event "*** Titled Tuesday 3|2 Blitz (Early)"]
[Site "Chess.com"]
[Date "2017.01.03"]
[Round "2"]
[White "LonesomeGeorge1"]
[Black "rst2003"]
[Result "1-0"]
[WhiteElo "2179"]
[BlackElo "2087"]
[TimeControl "180+2"]
[EndTime "11:22:25 PST"]
[Termination "LonesomeGeorge1 won on time"]

1. d4 Nf6 2. Bf4 g6 3. Nc3 Bg7 4.
e4 d6 5. Qd2 O-O 6. O-O-O Nbd7 7. Bh6 c5 8. Nge2 b5 9. f3 b4 10. Nd5 Nxd5 11. exd5 Nb6 12. h4 Nc4 13. Qf4 Qa5 14.
Kb1 Bf5 15. Nc1 Nb6 16. dxc5 Qxc5 17. Nd3 Bxd3 18. Bxd3 Nxd5 19. Qc1 Nf6 20. g4 Rfc8 21. Bxg7 Kxg7 22. h5 g5 23. h6+ Kg8 24. Bf5 e6 25.
Qxg5+ Kf8 26. Rhe1 Ne8 27. Rg1 exf5 28. gxf5 Qxc2+ 29. Ka1 Rc5 30. Rde1 Re5 31. Rxe5 dxe5 32. f6 Qg6 33.
Qe3 Qxf6 34. Qc5+ 1-0

[Event "*** Titled Tuesday 3|2 Blitz (Early)"]
[Site "Chess.com"]
[Date "2017.01.03"]
[Round "2"]
[White "Gordima"]
[Black "Maitreia"]
[Result "1-0"]
[WhiteElo "2484"]
[BlackElo "2471"]
[TimeControl "180+2"]
[EndTime "11:22:28 PST"]
[Termination "Gordima won by resignation"]

1. c4 Nf6 2. Nf3 g6 3. b3 Bg7 4. Bb2 O-O 5. g3 c5 6. Bg2 Nc6 7. O-O d6 8. d4 cxd4 9. Nxd4 Bd7 10. Nc3 Nxd4 11. Qxd4 Bc6 12. Qd2 Bxg2 13. Kxg2 Qa5 14. Rfd1 Rfc8 15. f3 a6 16. Na4 Qxd2 17. Rxd2 Nd7 18.
Bxg7 Kxg7 19. Rd5 b5 20. cxb5 Nf6 21. Rd2 axb5 22. Nb6 Rab8 23. Nxc8 Rxc8 24. a4 bxa4 25. bxa4 Nd7 26. a5 Nc5 27. Rb2 Ra8 28. Rb6 Na6 29. e4 h5 30. Kf2 Kf6 31. Ke3 Ke6 32. Kd4 Ra7 33. h4 Ra8 34. g4 Ra7 35. gxh5 gxh5 36.
Kc4 Kd7 37. Rb5 Nc5 38. Rxc5 dxc5 39. Kxc5 Kc7 40. a6 Kb8 41. Kb6 Rd7 42. Rc1 Rd6+ 43.
Rc6 Rd7 44. Rh6 Rd8 45. Rc6 Rd7 46. Rh6 Rd8 47. e5 Rg8 48. f4 Ka8 49. f5 Rb8+ 50. Kc7 Rb5 51. e6 Rxf5 52. Kb6 1-0

[Event "*** Titled Tuesday 3|2 Blitz (Early)"]
[Site "Chess.com"]
[Date "2017.01.03"]
[Round "2"]
[White "Firebullet"]
[Black "Haykos"]
[Result "1-0"]
[WhiteElo "2303"]
[BlackElo "2390"]
[TimeControl "180+2"]
[EndTime "11:22:30 PST"]
[Termination "Firebullet won by resignation"]

1. d4 d6 2. c4 e5 3. d5 f5 4. Nc3 Nf6 5. g3 Be7 6. Bg2 O-O 7. Nf3 a5 8. O-O Na6 9. Re1 Nc5 10. Nd2 f4 11. Nde4 Ncxe4 12. Nxe4 fxg3 13. Nxg3 Ng4 14. Rf1 Bg5 15. Qd3 Bxc1 16. Raxc1 Qh4 17. h3 Nh6 18. Ne4 b6 19. Qg3 Qh5 20. e3 Bd7 21. Rc3 Qe2 22. b3 Qxa2 23. Ng5 Rae8 24. Be4 Nf5 25.
Bxf5 Rxf5 26. f3 h6 27. Ne4 Ref8 28. Rf2 Qa1+ 29. Kh2 Rh5 30. h4 Qe1 31. Rcc2 Bf5 32. Rce2 Qb4 33. Rg2 Rf7 34. Nf6+ Kf8 35. Nxh5 g6 36.
e4 gxh5 37. exf5 Qxb3 38. f6 1-0

[Event "*** Titled Tuesday 3|2 Blitz (Early)"]
[Site "Chess.com"]
[Date "2017.01.03"]
[Round "2"]
[White "GMMelik"]
[Black "dretch"]
[Result "0-1"]
[WhiteElo "2417"]
[BlackElo "2583"]
[TimeControl "180+2"]
[EndTime "11:22:32 PST"]
[Termination "dretch won by resignation"]

1. e4 e6 2. d4 d5 3. Nc3 Nf6 4. Bg5 dxe4 5. Nxe4 Be7 6. Bxf6 Bxf6 7. Nf3 Nd7 8. Qd2 O-O 9. O-O-O Be7 10. Qf4 c5 11. Bb5 Qa5 12. Bxd7 Bxd7 13. Ne5 Bc6 14. Nxc6 bxc6 15.
Nc3 Bf6 16. Ne4 Bxd4 17. c3 Qxa2 18. cxd4 Rab8 19. Kd2 Rxb2+ 20. Ke1 Re2+ 21. Kf1 Qc4 22. Kg1 Qc2 23. Nf6+ gxf6 24. Rf1 cxd4 25. h4 e5 26. Qxf6 Qg6 27. Qf3 Qe4 28. Qf6 Qg6 29. Qf3 Re4 30.
Rh3 Rg4 31. h5 Qg5 32. Qxc6 e4 33. Kh1 d3 34. h6 Rd8 35. Qc3 d2 36. Rh5 Qxh5+ 0-1

[Event "*** Titled Tuesday 3|2 Blitz (Early)"]
[Site "Chess.com"]
[Date "2017.01.03"]
[Round "2"]
[White "Goala"]
[Black "kleinebeer98"]
[Result "0-1"]
[WhiteElo "2189"]
[BlackElo "1681"]
[TimeControl "180+2"]
[EndTime "11:22:33 PST"]
[Termination "kleinebeer98 won by checkmate"]

1. d4 Nf6 2. c4 e6 3. Nf3 Bb4+ 4.
Nbd2 O-O 5. g3 b6 6. Bg2 Bb7 7. O-O c5 8. a3 Bxd2 9. Qxd2 cxd4 10. Qxd4 Nc6 11. Qf4 Rc8 12. Rd1 Na5 13. Ne5 Bxg2 14. Kxg2 Qc7 15. Bd2 d6 16. Nf3 Nxc4 17. Bc3 Nd5 18.
Rxd5 exd5 19. Qd4 Ne5 20. Qxd5 Qc6 21. Qd4 f6 22. Rd1 Rfd8 23. h4 Rc7 24. h5 Re7 25. h6 g6 26. Rd3 Re6 27. Re3 Nxf3 28. Rxf3 Rf8 29. Kf1 Qe4 30. Qd2 Rfe8 31. Kg1 Qb1+ 32. Kg2 Qe4 33. Kg1 Kf7 34. Re3 Qb1+ 35. Kg2 Rxe3 36. fxe3 Qe4+ 37. Kf2 d5 38. Bd4 Rc8 39. Qb4 Rc2 40. Qd6 Qf5+ 41. Ke1 Rc1+ 42. Kd2 Qc2# 0-1

[Event "*** Titled Tuesday 3|2 Blitz (Early)"]
[Site "Chess.com"]
[Date "2017.01.03"]
[Round "2"]
[White "biostatistician"]
[Black "Byniolus"]
[Result "1-0"]
[WhiteElo "2441"]
[BlackElo "2560"]
[TimeControl "180+2"]
[EndTime "11:22:35 PST"]
[Termination "biostatistician won on time"]

1. d4 d6 2. Nf3 Bg4 3. c4 c6 4.
Nc3 Nd7 5. e4 e5 6. Be2 Ngf6 7.
Be3 Be7 8. O-O O-O 9. d5 a6 10. Nd2 Bxe2 11. Qxe2 Qc7 12. Rfc1 Rfc8 13. b4 a5 14. a3 Nb6 15. c5 Nbd7 16. cxd6 Qxd6 17. Nc4 Qb8 18. dxc6 bxc6 19. Nxa5 c5 20. Nd5 Bd8 21. Nxf6+ Bxf6 22. Qd3 Qc7 23. Bxc5 Rxa5 24.
Be3 Nc5 25. Bxc5 Raa8 26. Be3 Qb7 27. b5 Rd8 28. Qe2 Qxe4 29. a4 Rxa4 30. Rxa4 Qxa4 31. b6 Qb3 32. h3 h6 33. Qc4 Qb2 34. Qc7 Rd3 35. b7 Rb3 36. Qc8+ Kh7 37. Qf5+ g6 38. Qxf6 1-0

[Event "*** Titled Tuesday 3|2 Blitz (Early)"]
[Site "Chess.com"]
[Date "2017.01.03"]
[Round "2"]
[White "Rickstereo"]
[Black "SidArun"]
[Result "1-0"]
[WhiteElo "2165"]
[BlackElo "2039"]
[TimeControl "180+2"]
[EndTime "11:22:36 PST"]
[Termination "Rickstereo won by resignation"]

1. c4 e6 2. g3 d5 3. Bg2 c6 4. Nf3 f5 5. d4 Nf6 6. O-O Be7 7. Qc2 O-O 8. Nc3 a5 9. Rb1 Nbd7 10. a3 b6 11. b4 dxc4 12. e4 fxe4 13. Nxe4 b5 14. Neg5 Nb8 15. Re1 h6 16. Nxe6 Bxe6 17.
Rxe6 axb4 18. axb4 Qd7 19. Bh3 Qb7 20. Qe2 Bd8 21.
Ne5 Nd5 22. Qg4 Nc3 23. Rb2 Ra1 24. Rc2 Na2 25. Rxa2 Rxc1+ 26. Bf1 Na6 27. Rxh6 Rf6 28. Rxf6 Bxf6 29. Qe6+ Kh7 30. Qh3+ Kg8 31. Qe6+ Kh7 32. Ng4 Qe7 33. Nxf6+ Qxf6 34. Qxf6 gxf6 35. Rxa6 c3 36. Rxc6 c2 37. Kg2 Kg6 38. Bxb5 Rb1 39. Bd3+ 1-0

[Event "*** Titled Tuesday 3|2 Blitz (Early)"]
[Site "Chess.com"]
[Date "2017.01.03"]
[Round "2"]
[White "poummba"]
[Black "pKiLz5Rn9b"]
[Result "0-1"]
[WhiteElo "2421"]
[BlackElo "2495"]
[TimeControl "180+2"]
[EndTime "11:22:40 PST"]
[Termination "pKiLz5Rn9b won by resignation"]

1. d4 e6 2. e4 d5 3. Nc3 dxe4 4.
Nxe4 Nd7 5. Nf3 Ngf6 6. Nxf6+ Nxf6 7. c3 c5 8. Ne5 a6 9. Bg5 Qc7 10. Qa4+ Nd7 11. Be3 f6 12. Nf3 Ra7 13. dxc5 Bxc5 14.
Bxc5 Qxc5 15. O-O-O O-O 16. Qd4 Qxd4 17. Rxd4 Kf7 18.
Bc4 Ke7 19. Rhd1 b5 20. Be2 Nb6 21. Rh4 h6 22. Nd4 Rc7 23. Bf3 Bd7 24. Re1 e5 25. Nc2 Be6 26. Nb4 a5 27. Nc6+ Kf7 28. Nxa5 Ra7 29. b4 Bxa2 30. Be2 Rc8 31. Kb2 Bc4 32.
Bxc4+ bxc4 33. Ree4 Rac7 34. f4 g5 35. fxg5 hxg5 36.
Rh7+ Ke6 37. Rxc7 Rxc7 38. g4 Rh7 39. Nxc4 Kd5 40. Nd2 Rxh2 41. c4+ Nxc4+ 42. Rxc4 Rxd2+ 43. Kb3 Rb2+ 44. Kxb2 Kxc4 45. Ka3 e4 46. Ka4 e3 0-1

[Event "*** Titled Tuesday 3|2 Blitz (Early)"]
[Site "Chess.com"]
[Date "2017.01.03"]
[Round "2"]
[White "QuintilianoR"]
[Black "chito89"]
[Result "0-1"]
[WhiteElo "2545"]
[BlackElo "2518"]
[TimeControl "180+2"]
[EndTime "11:22:41 PST"]
[Termination "chito89 won by resignation"]

1. d4 Nf6 2. Nf3 d6 3. Bf4 g6 4. h3 Bg7 5. e3 O-O 6. c3 Nfd7 7. Bh2 e5 8. Bc4 Nc6 9. O-O Qe7 10. Nbd2 h6 11. b4 Kh7 12. a4 f5 13. a5 e4 14.
Ne1 a6 15. Qb3 Nf6 16. Nc2 g5 17. d5 Ne5 18. Nd4 g4 19. hxg4 Nfxg4 20. Bg3 h5 21. Be2 h4 22. Bf4 Ng6 23. Ne6 Bxe6 24. dxe6 Nxf4 25. exf4 Nf6 26. b5 Bh6 27. bxa6 bxa6 28. g3 Rg8 29. Kh2 hxg3+ 30. fxg3 Rab8 31. Qc4 Qg7 32. Rg1 Bxf4 33. Nf1 Rb2 34. Ra2 d5 35. Qa4 Ng4+ 36.
Kg2 Qxc3 37. Rxb2 Qxb2 38. Qd7+ Rg7 39. Rh1+ Kg6 40. Qe8+ Kf6 41. Qf8+ Kxe6 42. Qe8+ Kd6 43. Qd8+ Kc5 44. Qf8+ Bd6 0-1